cohdb
Replays
Latest Replays
All Replays
Popular Replays
Top Player Replays
Match Explorer
How It Works
Community
CoH3 Stats
Reddit
Sign in to upload your games and track your stats! →
Sign in with Steam
Match 40100520
Unlisted
Match 40100520
Overview
Messages
Build Orders
End
Construct Infanterie Kompanie
Kettenkrad Recon Vehicle
MG 42 Machine Gun Team
Selects Terror Battlegroup
Selects Machine Gun Camouflage
Grenadier Squad
GrW 34 Mortar Team
Construct Luftwaffe Kompanie
Jäger Squad
Jäger Squad
Selects Interrogate
Luftwaffe Officer Quarters
Jäger Squad
Support Elements
Wirbelwind Flakpanzer
Forward Retreat Point
Pioneer Squad
Medical Bunker
Selects Propaganda Leaflet Drop
Construct Panzer Kompanie
Propaganda Leaflet Drop
Kettenkrad Recon Vehicle
Selects Defend the Fatherland
Panzer IV Medium Tank
Jäger Squad
Selects V1 Rocket Strike
V1 Rocket Strike
Pioneer Squad
Medical Station
Medical Bunker
Propaganda Leaflet Drop
Jäger Squad
Kettenkrad Recon Vehicle
Jäger Squad
Selects King Tiger Heavy Tank
King Tiger Heavy Tank
信仰万丈光芒
Karl Müller
Blandly
CNigel
soos2609
binari
DDougE
Felid
0
0
Comments
sign in to comment!
No comments posted yet!